PBL
NEW JERSEY DEVILS @ NIAGARA FALLS PHANTOMS
10/25/2049
 
TOP OF THE 1ST
University of Oklahoma Sooners batting - Pitching for University of Minnesota Golden Gophers : RHP Jim Unknown
Pitching: RHP Jim Unknown
Batting: SHB Jim Unknown 0-0: Ball
1-0: Swinging Strike
1-1: Swinging Strike
1-2: Strikes out swinging
Batting: LHB Jim Unknown 0-0: Called Strike
0-1: Ball
1-1: SINGLE (Groundball, 56, EV 101.9 MPH)
Batting: RHB Jim Unknown 0-0: Ball
1-0: Ball
2-0: Called Strike
2-1: Called Strike
2-2: Ball
3-2: Strikes out swinging
Batting: LHB Jim Unknown 0-0: Ball
Passed Ball!
Jim Unknown to second
1-0: Foul Ball, location: 2F
1-1: Ball
2-1: Called Strike
2-2: Strikes out swinging
Top of the 1st over - 0 runs, 1 hit, 0 errors, 1 left on base; University of Oklahoma 0 - University of Minnesota 0
BOTTOM OF THE 1ST
University of Minnesota Golden Gophers batting - Pitching for University of Oklahoma Sooners : LHP Jim Unknown
Pitching: LHP Jim Unknown
Batting: RHB Jim Unknown 0-0: Foul Ball, location: 2F
0-1: Foul Ball, location: 2F
0-2: Foul Ball, location: 2F
0-2: Ball
1-2: SINGLE (Groundball, 34D, EV 98.1 MPH)
Batting: RHB Jim Unknown 0-0: Ball
1-0: Called Strike
1-1: Swinging Strike
1-2: Ball
2-2: Foul Ball, location: 2F
2-2: Foul Ball, location: 2F
2-2: SINGLE (Groundball, 6MD, EV 107.5 MPH)
Jim Unknown to second
Runner from 2nd tries for 3rd, SAFE, no throw by CF
Batting: RHB Jim Unknown 0-0: Called Strike
0-1: Ground out 5-3 (Groundball, 56, EV 106.9 MPH)
Jim Unknown scores
Jim Unknown to second
Batting: SHB Jim Unknown 0-0: Ground out 5-3 (Groundball, 56S, EV 85.0 MPH)
Batting: RHB Jim Unknown 0-0: Called Strike
0-1: Ball
1-1: Ball
2-1: Ball
3-1: Called Strike
3-2: Base on Balls
Batting: RHB Jim Unknown 0-0: Ball
1-0: Called Strike
1-1: Ball
2-1: Ball
3-1: Base on Balls
Jim Unknown to third
Jim Unknown to second
Batting: RHB Jim Unknown 0-0: Called Strike
0-1: Ball
1-1: Ball
2-1: DOUBLE (Line Drive, 89M, EV 90.0 MPH)
Jim Unknown scores
Jim Unknown scores
Jim Unknown to third
Runner from 3rd tries for Home, SAFE, no throw by RF
Batting: SHB Jim Unknown 0-0: Called Strike
0-1: Foul Ball, location: 2F
0-2: Ball
1-2: Foul Ball, location: 2F
1-2: Single, Error in OF, E8, batter to second base (Line Drive, 6D, EV 97.5 MPH)
Jim Unknown scores
Batting: RHB Jim Unknown 0-0: Ball
1-0: Foul Ball, location: 2F
1-1: Ball
2-1: Ball
3-1: Swinging Strike
3-2: Foul Ball, location: 2F
3-2: Fly out, F5 (Line Drive, 5, EV 61.9 MPH)
Bottom of the 1st over - 5 runs, 4 hits, 1 error, 1 left on base; University of Oklahoma 0 - University of Minnesota 5
TOP OF THE 2ND
University of Oklahoma Sooners batting - Pitching for University of Minnesota Golden Gophers : RHP Jim Unknown
Batting: LHB Jim Unknown 0-0: Ground out 4-3 (Groundball, 4, EV 105.0 MPH)
Batting: RHB Jim Unknown 0-0: Swinging Strike
0-1: SINGLE (Flyball, 7LS, EV 87.5 MPH)
Batting: RHB Jim Unknown 0-0: Ball
1-0: Ball
2-0: Ball
3-0: Called Strike
3-1: Called Strike
3-2: Base on Balls
Jim Unknown to second
Batting: RHB Jim Unknown 0-0: Called Strike
0-1: Ball
1-1: Called Strike
1-2: Strikes out looking
Batting: RHB Jim Unknown 0-0: Ball
1-0: Ball
2-0: Ball
3-0: Base on Balls
Jim Unknown to third
Jim Unknown to second
Batting: SHB Jim Unknown 0-0: Ball
1-0: Foul Ball, location: 2F
1-1: Foul Ball, location: 2F
1-2: Ball
2-2: Ball
3-2: DOUBLE (Line Drive, 8LD, EV 95.6 MPH)
Jim Unknown scores
Jim Unknown scores
Jim Unknown to third
Jim Unknown scores
Batting: LHB Jim Unknown 0-0: Ball
1-0: Ball
2-0: Called Strike
2-1: Swinging Strike
2-2: Ground out 4-3 (Groundball, 4, EV 111.2 MPH)
Top of the 2nd over - 3 runs, 2 hits, 0 errors, 1 left on base; University of Oklahoma 3 - University of Minnesota 5
BOTTOM OF THE 2ND
University of Minnesota Golden Gophers batting - Pitching for University of Oklahoma Sooners : LHP Jim Unknown
Batting: RHB Jim Unknown 0-0: Called Strike
0-1: Swinging Strike
0-2: Ball
1-2: Foul Ball, location: 2F
1-2: Ground out 5-3 (Groundball, 56, EV 90.6 MPH)
Batting: RHB Jim Unknown 0-0: Ball
1-0: DOUBLE (Line Drive, 9LS, EV 94.4 MPH)
Batting: RHB Jim Unknown 0-0: Swinging Strike
0-1: Ball
1-1: Ball
2-1: Ball
3-1: Base on Balls
Pitching: LHP Jim Unknown
Batting: SHB Jim Unknown 0-0: Ball
1-0: Called Strike
1-1: Called Strike
1-2: Strikes out swinging
Batting: RHB Jim Unknown 0-0: Ball
1-0: DOUBLE (Groundball, 5L, EV 101.2 MPH)
Jim Unknown scores
Jim Unknown to third
Batting: RHB Jim Unknown 0-0: Swinging Strike
0-1: Called Strike
0-2: Reached on error, E6 (Groundball, 6, EV 86.2 MPH)
Jim Unknown scores
Jim Unknown to third
Batting: RHB Jim Unknown 0-0: Ball
1-0: Fly out, F8 (Line Drive, 8LD, EV 105.6 MPH)
Bottom of the 2nd over - 2 runs, 2 hits, 1 error, 2 left on base; University of Oklahoma 3 - University of Minnesota 7
TOP OF THE 3RD
University of Oklahoma Sooners batting - Pitching for University of Minnesota Golden Gophers : RHP Jim Unknown
Batting: RHB Jim Unknown 0-0: Ball
1-0: Ball
2-0: Foul Ball, location: 2F
2-1: Foul Ball, location: 2F
2-2: Strikes out swinging
Batting: LHB Jim Unknown 0-0: Fly out, F3 (Line Drive, 3, EV 74.4 MPH)
Batting: LHB Jim Unknown 0-0: Foul Ball, location: 2F
0-1: Fly out, F8 (Flyball, 8LM, EV 93.1 MPH)
Top of the 3rd over - 0 runs, 0 hits, 0 errors, 0 left on base; University of Oklahoma 3 - University of Minnesota 7
BOTTOM OF THE 3RD
University of Minnesota Golden Gophers batting - Pitching for University of Oklahoma Sooners : LHP Jim Unknown
Batting: SHB Jim Unknown 0-0: Ball
1-0: Called Strike
1-1: Fly out, F5 (Popup, 56S, EV 73.8 MPH)
Batting: RHB Jim Unknown 0-0: Ball
1-0: Ball
2-0: Called Strike
2-1: Foul Ball, location: 2F
2-2: Foul Ball, location: 2F
2-2: Ball
3-2: Strikes out swinging
Batting: RHB Jim Unknown 0-0: Ball
1-0: Ball
2-0: Ball
3-0: Base on Balls
Batting: RHB Jim Unknown 0-0: Ball
1-0: Ball
2-0: Called Strike
2-1: Foul Ball, location: 2F
2-2: Ground out 4-3 (Groundball, 4, EV 78.8 MPH)
Bottom of the 3rd over - 0 runs, 0 hits, 0 errors, 1 left on base; University of Oklahoma 3 - University of Minnesota 7
TOP OF THE 4TH
University of Oklahoma Sooners batting - Pitching for University of Minnesota Golden Gophers : RHP Jim Unknown
Batting: RHB Jim Unknown 0-0: Ball
1-0: Called Strike
1-1: Ball
2-1: Foul Ball, location: 2F
2-2: Ball
3-2: Foul Ball, location: 2F
3-2: Ground out 6-3 (Groundball, 6, EV 95.0 MPH)
Batting: RHB Jim Unknown 0-0: Ball
1-0: Foul Ball, location: 2F
1-1: Ball
2-1: Foul Ball, location: 2F
2-2: Ball
3-2: Strikes out swinging
Batting: RHB Jim Unknown 0-0: Ball
1-0: Ball
2-0: Ball
3-0: Base on Balls
Batting: RHB Jim Unknown 0-0: Ball
1-0: Ball
2-0: Swinging Strike
2-1: Fly out, F3 (Popup, 34, EV 61.2 MPH)
Top of the 4th over - 0 runs, 0 hits, 0 errors, 1 left on base; University of Oklahoma 3 - University of Minnesota 7
BOTTOM OF THE 4TH
University of Minnesota Golden Gophers batting - Pitching for University of Oklahoma Sooners : LHP Jim Unknown
Batting: RHB Jim Unknown 0-0: Ball
1-0: Foul Ball, location: 2F
1-1: Foul Ball, location: 2F
1-2: Foul Ball, location: 2F
1-2: Ball
2-2: Foul Ball, location: 2F
2-2: Ball
3-2: Fly out, F6 (Popup, 6MS, EV 71.2 MPH)
Batting: SHB Jim Unknown 0-0: Ground out 5-3 (Groundball, 56, EV 83.1 MPH)
Batting: RHB Jim Unknown 0-0: Ball
1-0: SINGLE (Flyball, 9LS, EV 93.1 MPH)
Pitching: RHP Jim Unknown
Batting: RHB Jim Unknown 0-0: Ball
1-0: Swinging Strike
1-1: Called Strike
1-2: Strikes out swinging
Bottom of the 4th over - 0 runs, 1 hit, 0 errors, 1 left on base; University of Oklahoma 3 - University of Minnesota 7
TOP OF THE 5TH
University of Oklahoma Sooners batting - Pitching for University of Minnesota Golden Gophers : RHP Jim Unknown
Pitching: LHP Jim Unknown
Batting: SHB Jim Unknown 0-0: Foul Ball, location: 2F
0-1: Ball
1-1: Foul Ball, location: 2F
1-2: Ball
2-2: Foul Ball, location: 2F
2-2: Foul Ball, location: 2F
2-2: Ball
3-2: SINGLE (Groundball, 6S, EV 69.4 MPH) (infield hit)
Batting: LHB Jim Unknown 0-0: SINGLE (Line Drive, 78M, EV 90.0 MPH)
Jim Unknown to second
Batting: RHB Jim Unknown 0-0: Swinging Strike
0-1: Ball
1-1: Foul Ball, location: 2F
1-2: Foul Ball, location: 2F
1-2: Foul Ball, location: 2F
1-2: Grounds into double play, 5-4-3 (Groundball, 56, EV 103.1 MPH)
Jim Unknown to third
Batting: LHB Jim Unknown 0-0: Called Strike
0-1: Ball
1-1: Called Strike
1-2: Ball
2-2: Ball
3-2: Strikes out looking
Top of the 5th over - 0 runs, 2 hits, 0 errors, 1 left on base; University of Oklahoma 3 - University of Minnesota 7
BOTTOM OF THE 5TH
University of Minnesota Golden Gophers batting - Pitching for University of Oklahoma Sooners : RHP Jim Unknown
Batting: RHB Jim Unknown 0-0: Ball
1-0: Swinging Strike
1-1: Swinging Strike
1-2: SINGLE (Groundball, 3D, EV 98.1 MPH)
Batting: SHB Jim Unknown 0-0: Ball
1-0: Fly out, F6 (Popup, 6, EV 61.9 MPH)
Batting: RHB Jim Unknown 0-0: Ball
1-0: Ball
Wild Pitch!
Jim Unknown to second
2-0: Swinging Strike
2-1: Ground out 4-3 (Groundball, 4, EV 89.4 MPH)
Jim Unknown to third
Batting: RHB Jim Unknown 0-0: Called Strike
0-1: Ball
1-1: Foul Ball, location: 2F
1-2: Ball
2-2: Fly out, F1 (Line Drive, P, EV 66.2 MPH)
Bottom of the 5th over - 0 runs, 1 hit, 0 errors, 1 left on base; University of Oklahoma 3 - University of Minnesota 7
TOP OF THE 6TH
University of Oklahoma Sooners batting - Pitching for University of Minnesota Golden Gophers : LHP Jim Unknown
Batting: LHB Jim Unknown 0-0: Ball
1-0: Ball
2-0: Ball
3-0: Called Strike
3-1: Base on Balls
Batting: RHB Jim Unknown 0-0: Called Strike
0-1: Ball
1-1: Grounds into double play, 5-4-3 (Groundball, 56, EV 81.9 MPH)
Batting: RHB Jim Unknown 0-0: Ball
1-0: Foul Ball, location: 2F
1-1: Called Strike
1-2: Ball
2-2: Ball
3-2: SINGLE (Flyball, 78M, EV 86.2 MPH)
Pitching: RHP Jim Unknown
Batting: RHB Jim Unknown 0-0: Foul Ball, location: 2F
0-1: Called Strike
0-2: Hit by Pitch
Jim Unknown to second
Batting: RHB Jim Unknown 0-0: Called Strike
0-1: Foul Ball, location: 2F
0-2: Ball
1-2: Ground out 3-1 (Groundball, 34, EV 81.9 MPH)
Top of the 6th over - 0 runs, 1 hit, 0 errors, 2 left on base; University of Oklahoma 3 - University of Minnesota 7
BOTTOM OF THE 6TH
University of Minnesota Golden Gophers batting - Pitching for University of Oklahoma Sooners : RHP Jim Unknown
Batting: RHB Jim Unknown 0-0: Called Strike
0-1: Swinging Strike
0-2: Foul Ball, location: 2F
0-2: Ball
1-2: Foul Ball, location: 2F
1-2: Foul Ball, location: 2F
1-2: SINGLE (Groundball, 34D, EV 103.1 MPH)
Batting: RHB Jim Unknown 0-0: Foul Ball, location: 2F
0-1: Ball
1-1: Fielders Choice at 2nd, 4-6 (Groundball, 4, EV 90.0 MPH)
Batting: SHB Jim Unknown 0-0: Ball
1-0: Called Strike
1-1: SINGLE (Flyball, 4D, EV 85.6 MPH)
Jim Unknown to second
Batting: RHB Jim Unknown 0-0: Foul Ball, location: 2F
0-1: Grounds into double play, 6-4-3 (Groundball, 6, EV 86.2 MPH)
Bottom of the 6th over - 0 runs, 2 hits, 0 errors, 1 left on base; University of Oklahoma 3 - University of Minnesota 7
TOP OF THE 7TH
University of Oklahoma Sooners batting - Pitching for University of Minnesota Golden Gophers : RHP Jim Unknown
Batting: SHB Jim Unknown 0-0: Ball
1-0: DOUBLE (Flyball, 89XD, EV 102.5 MPH)
Batting: LHB Jim Unknown 0-0: Ground out 4-3 (Groundball, 4, EV 88.8 MPH)
Jim Unknown to third
Batting: RHB Jim Unknown 0-0: Ball
1-0: Foul Ball, location: 2F
1-1: SINGLE (Flyball, 34D, EV 96.2 MPH)
Jim Unknown scores
Batting: LHB Jim Unknown 0-0: Called Strike
Jim Unknown steals 2nd base
0-1: Foul Ball, location: 2F
0-2: Ball
1-2: Ball
2-2: Foul Ball, location: 2F
2-2: Ball
3-2: SINGLE (Flyball, 4D, EV 91.9 MPH)
Jim Unknown to third
Batting: LHB Jim Unknown 0-0: Ball
1-0: Swinging Strike
1-1: Ball
2-1: Ball
3-1: Base on Balls
Jim Unknown to second
Batting: RHB Jim Unknown 0-0: SINGLE (Groundball, 6D, EV 96.2 MPH)
Jim Unknown scores
Jim Unknown to third
Jim Unknown to second
Pinch Hitting: RHB Jim Unknown 0-0: Ball
1-0: Ball
2-0: Ball
3-0: Called Strike
3-1: Called Strike
3-2: Foul Ball, location: 2F
3-2: Foul Ball, location: 2F
3-2: Base on Balls
Jim Unknown scores
Jim Unknown to third
Jim Unknown to second
Batting: RHB Jim Unknown 0-0: Foul Ball, location: 2F
0-1: Ball
1-1: Called Strike
1-2: Ball
2-2: Fly out, F9 (Flyball, 9LM, EV 95.0 MPH)
Runner from 3rd tags up, SCORES, throw by RF
Jim Unknown to third
Pitching: RHP Jim Unknown
Batting: RHB Jim Unknown 0-0: Swinging Strike
0-1: Ball
1-1: Ball
2-1: Foul Ball, location: 2F
2-2: Foul Ball, location: 2F
2-2: Strikes out swinging
Top of the 7th over - 4 runs, 4 hits, 0 errors, 2 left on base; University of Oklahoma 7 - University of Minnesota 7
BOTTOM OF THE 7TH
University of Minnesota Golden Gophers batting - Pitching for University of Oklahoma Sooners : RHP Jim Unknown
Pitching: RHP Jim Unknown
Now at 1B: Jim Unknown
Batting: RHB Jim Unknown 0-0: Ball
1-0: SINGLE (Groundball, 34D, EV 99.4 MPH)
Batting: RHB Jim Unknown 0-0: Bunt missed!
0-1: Bunt missed!
0-2: Ball
1-2: SINGLE (Groundball, 34D, EV 95.6 MPH)
Jim Unknown to second
Throwing error, E9
Jim Unknown scores
Jim Unknown to second
Batting: SHB Jim Unknown 0-0: Intentional Walk
Batting: RHB Jim Unknown 0-0: Bunted foul
0-1: Bunt missed!
0-2: Ball
1-2: SINGLE (Line Drive, 78S, EV 93.1 MPH)
Jim Unknown to third
Jim Unknown to second
Batting: RHB Jim Unknown 0-0: Called Strike
0-1: Grounds into fielders choice 6-2 (Groundball, 6, EV 85.0 MPH)
Jim Unknown to third
Jim Unknown to second
Batting: RHB Jim Unknown 0-0: Ball
1-0: Called Strike
1-1: Ball
2-1: Foul Ball, location: 2F
2-2: Ball
3-2: Base on Balls
Jim Unknown scores
Jim Unknown to third
Jim Unknown to second
Batting: RHB Jim Unknown 0-0: Ball
1-0: Foul Ball, location: 2F
1-1: Ball
2-1: Called Strike
2-2: GRAND SLAM HOME RUN (Line Drive, 89XD, EV 111.9 MPH), Distance : 428 ft
Pitching: RHP Jim Unknown
Batting: SHB Jim Unknown 0-0: Swinging Strike
0-1: Foul Ball, location: 2F
0-2: Ball
1-2: Ball
2-2: Foul Ball, location: 2F
2-2: Ball
3-2: SINGLE (Flyball, 34D, EV 94.4 MPH)
Batting: RHB Jim Unknown 0-0: Foul Ball, location: 2F
0-1: DOUBLE (Line Drive, 9LD, EV 103.1 MPH)
Jim Unknown to third
Batting: RHB Jim Unknown 0-0: Ball
1-0: Called Strike
1-1: Ball
2-1: Foul Ball, location: 2F
2-2: Ball
3-2: SINGLE (Groundball, 4, EV 96.9 MPH)
Jim Unknown scores
Jim Unknown to third
Runner from 3rd tries for Home, throw by CF and OUT! 8-2
Jim Unknown to second
Batting: RHB Jim Unknown 0-0: Called Strike
0-1: Called Strike
0-2: Ball
1-2: Foul Ball, location: 2F
1-2: Ball
2-2: Ball
3-2: Foul Ball, location: 2F
3-2: Fly out, F7 (Flyball, 7LM, EV 89.4 MPH)
Bottom of the 7th over - 7 runs, 7 hits, 1 error, 1 left on base; University of Oklahoma 7 - University of Minnesota 14
TOP OF THE 8TH
University of Oklahoma Sooners batting - Pitching for University of Minnesota Golden Gophers : RHP Jim Unknown
Batting: SHB Jim Unknown 0-0: Called Strike
0-1: Ball
1-1: Fly out, F8 (Flyball, 8LD, EV 84.4 MPH)
Batting: LHB Jim Unknown 0-0: Swinging Strike
0-1: Ball
1-1: Ball
2-1: Foul Ball, location: 2F
2-2: SINGLE (Line Drive, 4D, EV 99.4 MPH)
Batting: RHB Jim Unknown 0-0: Ball
1-0: Ball
2-0: Foul Ball, location: 2F
2-1: Ball
3-1: Base on Balls
Jim Unknown to second
Batting: LHB Jim Unknown 0-0: Ball
1-0: Grounds out, U3 (Groundball, 3L, EV 98.1 MPH)
Jim Unknown to third
Batting: LHB Jim Unknown 0-0: Foul Ball, location: 2F
0-1: Swinging Strike
0-2: Ground out U3 (Groundball, 34S, EV 82.5 MPH)
Top of the 8th over - 0 runs, 1 hit, 0 errors, 2 left on base; University of Oklahoma 7 - University of Minnesota 14
BOTTOM OF THE 8TH
University of Minnesota Golden Gophers batting - Pitching for University of Oklahoma Sooners : RHP Jim Unknown
Batting: SHB Jim Unknown 0-0: Ball
1-0: Ground out U3 (Groundball, 3, EV 95.6 MPH)
Batting: RHB Jim Unknown 0-0: Called Strike
0-1: Swinging Strike
0-2: Strikes out swinging
Batting: RHB Jim Unknown 0-0: Ball
1-0: Ball
2-0: Called Strike
2-1: Ball
3-1: Base on Balls
Batting: RHB Jim Unknown 0-0: Foul Ball, location: 2F
0-1: Ball
1-1: Ball
2-1: Foul Ball, location: 2F
2-2: Foul Ball, location: 2F
2-2: Foul Ball, location: 2F
2-2: SINGLE (Groundball, 4D, EV 98.8 MPH)
Jim Unknown to second
Batting: RHB Jim Unknown 0-0: Foul Ball, location: 2F
Pickoff Throw to Second - Out!
Bottom of the 8th over - 0 runs, 1 hit, 0 errors, 1 left on base; University of Oklahoma 7 - University of Minnesota 14
TOP OF THE 9TH
University of Oklahoma Sooners batting - Pitching for University of Minnesota Golden Gophers : RHP Jim Unknown
Batting: RHB Jim Unknown 0-0: Ball
1-0: SINGLE (Groundball, 4MD, EV 103.1 MPH) (infield hit)
Batting: RHB Jim Unknown 0-0: Called Strike
0-1: Foul Ball, location: 2F
0-2: Ball
1-2: Foul Ball, location: 2F
1-2: Ball
2-2: Ball
3-2: 2-RUN HOME RUN (Flyball, 9D, EV 98.1 MPH), Distance : 385 ft
Batting: RHB Jim Unknown 0-0: Called Strike
0-1: Ball
1-1: SINGLE (Groundball, 4MD, EV 99.4 MPH)
Batting: RHB Jim Unknown 0-0: Fly out, F9 (Flyball, 9LM, EV 83.1 MPH)
Batting: SHB Jim Unknown 0-0: Ground out 6-3 (Groundball, 6M, EV 80.0 MPH)
Jim Unknown to second
Batting: LHB Jim Unknown 0-0: Called Strike
0-1: Fly out, F6 (Line Drive, 6, EV 65.0 MPH)
Top of the 9th over - 2 runs, 3 hits, 0 errors, 1 left on base; University of Oklahoma 9 - University of Minnesota 14
Sunday, July 16th , 2023 - OOTP Baseball 24.6 Build 69